 Dungeon Crawl Stone Soup version 0.28.0-45-g0d030f2227 (webtiles) character file.

Game seed: 13465553813289889533

70 zeratav the Insei (level 4, -1/29 HPs)
             Began as an Octopode Transmuter on Apr 11, 2022.
             Succumbed to a gnoll's poison
             ... on level 2 of the Dungeon.
             The game lasted 00:02:54 (2285 turns).

zeratav the Insei (Octopode Transmuter)             Turns: 2285, Time: 00:02:54

Health: -1/29      AC:  1    Str:  9    XL:     4   Next: 22%
Magic:  7/7        EV: 13    Int: 15    God:
Gold:   45         SH:  0    Dex: 14    Spells: 6/7 levels left

rFire   . . .      SeeInvis .     - Unarmed
rCold   . . .      Faith    .   (no shield)
rNeg    . . .      Spirit   .   (helmet restricted)
rPois   .          Reflect  .   a - amulet of magic regeneration {@e2}
rElec   .          Harm     .   (no ring)
rCorr   .          Rampage  .   (no ring)
Will    .....                   (no ring)
Stlth   +++.......              (no ring)
HPRegen 0.09/turn               (no ring)
MPRegen 0.50/turn               (no ring)
                                (no ring)
                                (no ring)

@: lethally poisoned (-1 -> -13)
A: almost no armour, amphibious, 8 rings, camouflage 1, gelatinous body 1,
(nimble swimmer 1), tentacles
a: no special abilities


You were on level 2 of the Dungeon.
You visited 1 branch of the dungeon, and saw 2 of its levels.

You collected 45 gold pieces.


Innate Abilities, Weirdness & Mutations

You cannot wear most types of armour.
You are amphibious.
You can wear up to eight rings at the same time.
Your skin changes colour to match your surroundings (Stealth+).
Your rubbery body absorbs attacks. (AC +1, EV +1)
((You are camouflaged when in or above water. (Stealth+)))
You have tentacles for arms and can constrict up to eight enemies at once.


   Skills:
 + Level 1.8 Fighting
 + Level 2.6 Dodging
 + Level 2.1 Stealth
 * Level 3.9 Unarmed Combat
 - Level 2.0 Spellcasting
 - Level 2.0 Transmutations


You had 6 spell levels left.
You knew the following spells:

 Your Spells              Type           Power      Damage    Failure   Level
a - Beastly Appendage     Tmut           14%        N/A       10%         1

Your spell library contained the following spells:

 Spells                   Type           Power      Damage    Failure   Level
 Wereblood                Tmut           7%         N/A       14%         2
 Animate Skeleton         Necr           2%         N/A       22%         1
 Pain                     Necr           4%         1d4       22%         1
 Spider Form              Tmut/Pois      4%         N/A       41%         3
 Vampiric Draining        Necr           1%         2d6       54%         3
 Ice Form                 Ice/Tmut       4%         N/A       82%         4

Inventory:

Jewellery
 a - an amulet of magic regeneration (around mantle) {@e2}
   (You found it on level 1 of the Dungeon)
Wands
 d - a wand of paralysis (9)
   (You found it on level 2 of the Dungeon)
Scrolls
 c - a scroll of teleportation {unknown}
Potions
 b - 4 potions of berserk rage {unknown}
 e - a potion of might {unknown}
 f - 2 potions of lignification {unknown}

Dungeon Overview and Level Annotations

Branches:
Dungeon (2/15)

Altars:

#.#............... #.#
#g...........
#.####.†.........†
######....#...>......††
.........g'............
####....#............
#g####............ #g#
#............ #@#
#...[........ #.#
#............ #.#
#............ #.#
#############
#.################
#.#...............
..#...............
###...........(...
#...............


You could see 2 gnolls.


Message History

You are too injured to fight recklessly!
You are too injured to fight recklessly!
You are too injured to fight recklessly!
You are too injured to fight recklessly!
You are too injured to fight recklessly!
You are too injured to fight recklessly!
You are too injured to fight recklessly!
You are too injured to fight recklessly!
You are too injured to fight recklessly!
You are too injured to fight recklessly!
You barely miss the bat. You grab the bat. You squeeze the bat.
You kill the bat!
You feel sick.
HP[-1]
You take 1 damage, and now have 13/29 hp.
Found 2 fuming grey potions.
Found a stone staircase leading down.
You feel sick.
You are no longer poisoned.
You see here a bat corpse.
HP[-1]
You take 1 damage, and now have 12/29 hp.
Your tentacle spike disappears.
You now have 45 gold pieces (gained 9).
b - 4 fuming grey potions (gained 2)
You see here a +0 robe.
HP[+17]
Your hp is fully restored (29).
A hobgoblin comes into view.
One of your tentacles grows a vicious spike.
MP[-1]
You lost 1 mp, and now have 6/7 mp.
The hobgoblin shouts!
You hear a shout! x2
MP[+1]
Your mp is fully restored (7).
A gnoll comes into view. It is wielding a +0 club.
The gnoll shouts!
You tentacle-slap the hobgoblin. You grab the hobgoblin.
You pierce the hobgoblin.
You kill the hobgoblin!
A gnoll comes into view. It is wielding a +0 whip of venom.
The gnoll shouts!
A gnoll comes into view. It is wielding a +0 club.
You see here a hobgoblin corpse.
The gnoll completely misses you.
You barely miss the gnoll.
The gnoll shouts!
Your grab misses the gnoll. The gnoll hits you with a +0 club.
You closely miss the gnoll. Your grab misses the gnoll.
Your tentacle spike misses the gnoll.
The gnoll hits you with a +0 club!
You tentacle-slap the gnoll. You grab the gnoll.
Your transformation is almost over.
You constrict the gnoll. The gnoll hits you with a +0 club.
* * * LOW HITPOINT WARNING * * *
You are too injured to fight recklessly!
HP[-18]
You take 18 damage, and now have 11/29 hp.
MASSIVE DAMAGE!! (PAUSE)
You are too injured to fight recklessly!
You are too injured to fight recklessly!
You are too injured to fight recklessly!
You are too injured to fight recklessly!
You are too injured to fight recklessly!
You are too injured to fight recklessly!
You are too injured to fight recklessly!
You are too injured to fight recklessly!
You are too injured to fight recklessly!
You are too injured to fight recklessly!
You are too injured to fight recklessly!
You are too injured to fight recklessly!
You are too injured to fight recklessly!
You are too injured to fight recklessly!
You are too injured to fight recklessly!
You are too injured to fight recklessly!
You are too injured to fight recklessly!
You are too injured to fight recklessly!
You release your grip on the gnoll.
You see here a hobgoblin corpse.
You open the door. The gnoll completely misses you. The gnoll misses you.
There is an open door here.
HP[+1]
You barely miss the gnoll. Your grab misses the gnoll.
You pierce the gnoll.
The gnoll misses you.
Your tentacle spike disappears.
You tentacle-slap the gnoll. You grab the gnoll. You squeeze the gnoll.
You constrict the gnoll, but do no damage.
The gnoll hits you with a +0 whip of venom!
* * * LOW HITPOINT WARNING * * *
You are lethally poisoned!
HP[-7]
You take 7 damage, and now have 5/29 hp.
MASSIVE DAMAGE!! (PAUSE)
You barely miss the gnoll. You squeeze the gnoll. You constrict the gnoll.
You kill the gnoll!
* * * LOW HITPOINT WARNING * * *
You feel very sick.
HP[-4]
You take 4 damage, and now have 1/29 hp.
You barely miss the gnoll. You grab the gnoll.
You constrict the gnoll, but do no damage.
You die...

Skill      XL: |  1  2  3 |
---------------+----------+-----
Stealth        | 1 2 |  2.1
Fighting       | |  1.8
Dodging        | |  2.6
Unarmed Combat | |  3.9
Spellcasting   | |  2.0
Transmutations | |  2.0

Action                   |  1- 3 |  4- 6 || total
-------------------------+-------+-------++-------
Melee: Unarmed           |    72 |    10 ||    82
       Kick              |    17 |     2 ||    19
       Constrict         |    21 |     6 ||    27
       Tentacles         |    17 |     3 ||    20
       Punch             |     7 |       ||     7
 Cast: Beastly Appendage |    25 |     2 ||    27
 Stab: Sleeping          |     3 |       ||     3
Armor: Skin              |    11 |       ||    11
Dodge: Dodged            |    52 |     5 ||    57

Levels and vault maps discovered:
D:1:      psy_arrival_fountain, layout_basic
D:2:      layout_basic, ebering_ecumenical_altar_sacrificial

Notes
Turn   | Place    | Note
-------+----------+-------------------------------------------
     0 | D:1      | zeratav the Octopode Transmuter began the quest for the
                  | Orb.
     0 | D:1      | Reached XP level 1. HP: 13/13 MP: 3/3
     0 | D:1      | magus.rc [v1.9.6]
   189 | D:1      | Reached XP level 2. HP: 14/18 MP: 3/5
   370 | D:1      | Reached skill level 1 in Stealth
  1292 | D:1      | Reached XP level 3. HP: 20/23 MP: 6/6
  1370 | D:2      | Found a faded altar of an unknown god.
  1409 | D:2      | You pick up a book of Necromancy and begin reading...
  1409 | D:2      | You add the spells Pain, Animate Skeleton and Vampiric
                  | Draining to your library.
  2055 | D:2      | Reached skill level 2 in Stealth
  2055 | D:2      | Reached XP level 4. HP: 18/29 MP: 7/7
  2283 | D:2      | HP: 5/29 [gnoll/+0 whip of venom (7)]
  2284 | D:2      | HP: 1/29 [poisoned by a gnoll]
  2285 | D:2      | Succumbed to a gnoll's poison

Vanquished Creatures
  A gnoll (D:2)
  2 adders (D:2)
  A worm (D:2)
  A dart slug (D:1)
  A ball python (D:1)
  2 endoplasms (D:2)
  2 giant cockroaches (D:1)
  4 hobgoblins
  2 jackals (D:1)
  6 bats
  3 frilled lizards (D:1)
  3 goblins
  3 kobolds (D:1)
  7 rats
38 creatures vanquished.

Table legend:
 A = Non-vault XP
 B = Vault XP
 C = Vault XP percentage of total XP
 D = Non-vault monster count
 E = Vault monster count
 F = Vault count percentage of total count
                 A         B        C        D         E       F
            +---------+---------+-------+---------+---------+-------
      Total |     101 |       0 |   0.0 |      38 |       0 |   0.0
            +---------+---------+-------+---------+---------+-------
        D:1 |      36 |       0 |   0.0 |      24 |       0 |   0.0
        D:2 |      65 |       0 |   0.0 |      14 |       0 |   0.0
            +---------+---------+-------+---------+---------+-------

Illustrated notes

Table legend:
 A = Kills in this place as a percentage of kills in entire the game.
 B = Kills by you in this place as a percentage of kills by you in the entire game.
 C = Kills by friends in this place as a percentage of kills by friends in the entire game.
 D = Other kills in this place as a percentage of other kills in the entire game.
 E = Experience gained in this place as a percentage of experience gained in the entire game.
 F = Experience gained in this place divided by the number of levels of this place that you have seen.
                   A       B       C       D       E      F
               +-------+-------+-------+-------+-------+----------------------
         Total | 100.0 | 100.0 |   N/A |   N/A | 100.0 |  50.5
       Dungeon | 100.0 | 100.0 |   N/A |   N/A | 100.0 |  50.5
               +-------+-------+-------+-------+-------+----------------------

Table legend: (Time is in decaauts)
 A = Elapsed time spent in this place.
 B = Non-inter-level travel time spent in this place.
 C = Inter-level travel time spent in this place.
 D = Time resting spent in this place.
 E = Time spent auto-exploring this place.
 F = Levels seen in this place.
 G = Mean time per level.
                   A        B        C        D        E       F      G
               +--------+--------+--------+--------+--------+-----+--------+
         Total |   2279 |   2252 |     27 |      0 |   1992 |   2 | 1139.5 |
       Dungeon |   2279 |   2252 |     27 |      0 |   1992 |   2 | 1139.5 |
               +--------+--------+--------+--------+--------+-----+--------+

Top non-repeatable levels by time:
     D:1: 1367 daAuts
     D:2: 912 daAuts
